 Dungeon Crawl Stone Soup version 0.27-a0-29-g2d0a2396b0 (webtiles) character file.

Game seed: 7797027244389099715

52 gruber the Fighter (level 3, -15/38 HPs)
             Began as a Gnoll Wanderer on Jan 3, 2021.
             Demolished by a small abomination (18 damage)
             ... on level 1 of the Abyss.
             The game lasted 00:02:09 (1603 turns).

gruber the Fighter (Gnoll Wanderer)                 Turns: 1603, Time: 00:02:10

Health: -15/38     AC:  6    Str: 14    XL:     3   Next: 85%
Magic:  4/4        EV: 10    Int: 14    God:
Gold:   101        SH:  0    Dex: 15    Spells: 4/4 levels left

rFire    . . .     SeeInvis .     - Unarmed
rCold    + . .     Faith    .   (no shield)
rNeg     . . .     Spirit   .   a - +0 ring mail (curse)
rPois    .         Reflect  .   j - +0 helmet (curse)
rElec    .         Harm     .   (no cloak)
rCorr    .         Rampage  .   (no gloves)
Will     .....                  (no boots)
Stlth    +.........             (no amulet)
HPRegen  0.12/turn              k - ring of protection from cold
MPRegen  0.09/turn              (no ring)

@: no status effects
A: distributed training, fangs 1, strong nose
a: no special abilities


You were on level 1 of the Abyss.
You visited 1 branch of the dungeon, and saw 2 of its levels.
You visited the Abyss 1 time.

You collected 101 gold pieces.

Inventory:

Missiles
 i - 18 bolts
Armour
 a - a cursed +0 ring mail (worn)
 j - a cursed +0 helmet (worn)
Jewellery
 k - a ring of protection from cold (left hand)
Scrolls
 d - 4 scrolls of identify {unknown}
 e - a scroll of fear
 f - a scroll of enchant weapon {unknown}
 g - a scroll of blinking {unknown}
 h - 2 scrolls of remove curse {unknown}
 m - a scroll of magic mapping {unknown}
Potions
 b - a potion of heal wounds
 c - 2 potions of curing
 l - a potion of degeneration {unknown}


   Skills:
 + Level 8.5 Fighting
 + Level 1.0 Short Blades
 + Level 1.0 Long Blades
 + Level 1.0 Axes
 + Level 1.0 Maces & Flails
 + Level 1.0 Polearms
 + Level 1.0 Staves
 + Level 1.0 Slings
 + Level 1.0 Bows
 + Level 4.6 Crossbows
 + Level 1.0 Throwing
 + Level 1.0 Armour
 + Level 1.0 Dodging
 + Level 1.0 Stealth
 + Level 4.6 Shields
 + Level 4.6 Unarmed Combat
 + Level 1.0 Spellcasting
 + Level 0.7 Conjurations
 + Level 0.7 Hexes
 + Level 0.7 Summonings
 + Level 0.7 Necromancy
 + Level 0.7 Translocations
 + Level 0.7 Transmutations
 + Level 0.7 Fire Magic
 + Level 0.7 Ice Magic
 + Level 0.7 Air Magic
 + Level 0.7 Earth Magic
 + Level 0.7 Poison Magic
 + Level 1.0 Invocations
 + Level 1.0 Evocations


You had 4 spell levels left.
You didn't know any spells.
Your spell library was empty.

Dungeon Overview and Level Annotations

Branches:
Dungeon (2/15)

Altars:

Annotations:
D:2 Robin


Innate Abilities, Weirdness & Mutations

Your experience applies equally to all skills.
You have very sharp teeth.
Your uncanny sense of smell can sniff out nearby items.


Message History

You hit the small abomination but do no damage.
You bite the small abomination, but do no damage.
The small abomination is heavily damaged.
A worldbinder comes into view.
The small abomination hits you but does no damage.
You hit the small abomination but do no damage.
You bite the small abomination, but do no damage.
The small abomination is heavily damaged.
The small abomination barely misses you.
You hit the small abomination.
The small abomination is heavily damaged.
The small abomination hits you but does no damage.
You hit the small abomination but do no damage.
The small abomination is heavily damaged.
The small abomination closely misses you.
You barely miss the small abomination.
You bite the small abomination, but do no damage.
The small abomination is heavily damaged.
The small abomination hits you!!
You die...

.. .. #. .##
... # #x# #
#.##x##.###
#...@.....#
#.##.#####..
#.# #.# ...
##.## ### .
.


You could see a worldbinder and a small abomination.

Vanquished Creatures
  An adder (D:2)
  2 leopard geckos (D:1)
  2 ball pythons
  3 giant cockroaches
  10 goblins
  3 hobgoblins (D:1)
  2 bats
  A frilled lizard (D:2)
  5 kobolds (D:1)
  10 rats (D:1)
39 creatures vanquished.

Notes
Turn   | Place    | Note
-------+----------+-------------------------------------------
     0 | D:1      | gruber the Gnoll Wanderer began the quest for the Orb.
     0 | D:1      | gruber set off with the following items: a +0 dagger, a
                  | potion of heal wounds, 2 potions of curing, a +0 robe, a
                  | scroll of fear
     0 | D:1      | Reached XP level 1. HP: 26/26 MP: 1/1
   173 | D:1      | Reached XP level 2. HP: 31/33 MP: 2/2
   716 | D:1      | Reached XP level 3. HP: 38/38 MP: 3/3
  1035 | D:2      | Noticed Robin
  1227 | D:2      | Reached skill level 1 in Invocations
  1339 | D:2      | Reached skill level 1 in Short Blades
  1339 | D:2      | Reached skill level 1 in Long Blades
  1339 | D:2      | Reached skill level 1 in Axes
  1339 | D:2      | Reached skill level 1 in Maces & Flails
  1339 | D:2      | Reached skill level 1 in Polearms
  1339 | D:2      | Reached skill level 1 in Staves
  1339 | D:2      | Reached skill level 1 in Slings
  1339 | D:2      | Reached skill level 1 in Bows
  1339 | D:2      | Reached skill level 1 in Throwing
  1339 | D:2      | Reached skill level 1 in Armour
  1339 | D:2      | Reached skill level 1 in Dodging
  1339 | D:2      | Reached skill level 1 in Stealth
  1339 | D:2      | Reached skill level 1 in Spellcasting
  1339 | D:2      | Reached skill level 1 in Evocations
  1416 | D:2      | Cast into level 1 of the Abyss (Robin)
  1586 | Abyss:1  | Noticed a small abomination
  1599 | Abyss:1  | Noticed a worldbinder
  1603 | Abyss:1  | Demolished by a small abomination

Illustrated notes

Levels and vault maps discovered:
D:1:      minmay_arrival_cross, layout_basic
D:2:      layout_loops_ring, nicolae_gozag_zags_fifth_avenue, uniq_robin,
          uniq_terence
Abyss:1:  base:
D:1

Skill      XL: |  1  2  3 |
---------------+----------+-----
Invocations    | 1 |  1.0
Short Blades   | 1 |  1.0
Long Blades    | 1 |  1.0
Axes           | 1 |  1.0
Maces & Flails | 1 |  1.0
Polearms       | 1 |  1.0
Staves         | 1 |  1.0
Slings         | 1 |  1.0
Bows           | 1 |  1.0
Throwing       | 1 |  1.0
Armour         | 1 |  1.0
Dodging        | 1 |  1.0
Stealth        | 1 |  1.0
Spellcasting   | 1 |  1.0
Evocations     | 1 |  1.0
Fighting       | |  8.5
Crossbows      | |  4.6
Shields        | |  4.6
Unarmed Combat | |  4.6
Conjurations   | |  0.7
Hexes          | |  0.7
Summonings     | |  0.7
Necromancy     | |  0.7
Translocations | |  0.7
Transmutations | |  0.7
Fire Magic     | |  0.7
Ice Magic      | |  0.7
Air Magic      | |  0.7
Earth Magic    | |  0.7
Poison Magic   | |  0.7

Action                   || total
-------------------------++-------
Melee: Unarmed           ||   120
       Bite              ||    14
       Punch             ||     1
 Stab: Sleeping          ||     1
Armor: Ring mail         ||    42
Dodge: Dodged            ||    68

Table legend: (Time is in decaauts)
 A = Elapsed time spent in this place.
 B = Non-inter-level travel time spent in this place.
 C = Inter-level travel time spent in this place.
 D = Time resting spent in this place.
 E = Time spent auto-exploring this place.
 F = Levels seen in this place.
 G = Mean time per level.
                   A        B        C        D        E       F      G
               +--------+--------+--------+--------+--------+-----+--------+
         Total |   1592 |   1496 |     96 |      0 |   1191 |   3 |  530.7 |
       Dungeon |   1407 |   1311 |     96 |      0 |   1022 |   2 |  703.5 |
         Abyss |    185 |    185 |      0 |      0 |    169 |   1 |  185.0 |
               +--------+--------+--------+--------+--------+-----+--------+

Top non-repeatable levels by time:
     D:1: 1052 daAuts
     D:2: 354 daAuts
 Abyss:1: 185 daAuts
